 Dungeon Crawl Stone Soup version 0.21.0-3-g78d12a8 (webtiles) character file.

16681 HungrySpirit the Thaumaturge (level 12, -5/62 HPs)
             Began as a Deep Elf Artificer on Jan 8, 2018.
             Was an Elder of Vehumet.
             Slain by a sixfirhy (9 damage)
             ... summoned by an orc sorcerer
             ... on level 2 of the Orcish Mines.
             The game lasted 01:12:33 (21365 turns).

HungrySpirit the Thaumaturge (Deep Elf Artificer)  Turns: 21365, Time: 01:12:34

Health: -5/62      AC:  9    Str: 11    XL:     12   Next: 12%
Magic:  6/28       EV: 18    Int: 22    God:    Vehumet [****..]
Gold:   1423       SH:  0    Dex: 15    Spells: 22/32 levels left

rFire    + . .     SeeInvis .   q - +6 long sword (elec)
rCold    . . .     Gourm    +   (no shield)
rNeg     . . .     Faith    .   E - +0 troll leather armour
rPois    .         Spirit   .   y - +2 hat
rElec    .         Reflect  .   o - scarf {repulsion}
rCorr    .         Harm     .   B - +1 pair of gloves
MR       +....                  e - +0 pair of boots
Stlth    ++........             k - amulet of the gourmand
HPRegen  0.60/turn              w - ring of protection from fire
MPRegen  0.21/turn              g - +2 ring of strength

@: repel missiles
A: no striking features
a: Renounce Religion


You were on level 2 of the Orcish Mines.
You worshipped Vehumet.
Vehumet was greatly pleased with you.
You were very full.

You visited 3 branches of the dungeon, and saw 15 of its levels.

You collected 1513 gold pieces.
You spent 90 gold pieces at shops.

Inventory:

Hand Weapons
 q - a +6 long sword of electrocution (weapon)
Missiles
 n - 11 stones
 r - 6 javelins of returning
 s - a throwing net
 A - 5 javelins
 F - 3 steel javelins (quivered)
Armour
 e - a +0 pair of boots (worn)
 o - a scarf of repulsion (worn)
 y - a +2 hat (worn)
 B - a +1 pair of gloves (worn)
 E - a +0 troll leather armour (worn)
Jewellery
 g - a +2 ring of strength (right hand)
 k - an amulet of the gourmand (around neck)
 w - a ring of protection from fire (left hand)
Wands
 a - a wand of paralysis (1)
 x - a wand of flame (21)
Scrolls
 d - 3 scrolls of fog {unknown}
 i - a scroll of magic mapping
 j - 2 scrolls of teleportation
 t - 6 scrolls of remove curse
 u - 2 scrolls of immolation {unknown}
 C - a scroll of fear
Potions
 c - a potion of mutation
 h - a potion of flight
 m - a potion of cancellation
 p - a potion of magic
 v - a potion of haste
 z - 2 potions of curing
 D - a potion of ambrosia
Comestibles
 f - 24 rations
 l - a chunk of flesh


   Skills:
 - Level 2.3 Fighting
   Level 8.3(9.8) Short Blades
 - Level 7.5(9.0) Long Blades
 - Level 10.1 Dodging
 - Level 1.2 Stealth
 + Level 10.7 Spellcasting
 * Level 7.4 Conjurations
 + Level 7.2 Hexes
 * Level 5.6 Fire Magic
 + Level 4.1 Earth Magic
 - Level 3.2 Evocations


You had 22 spell levels left.
You knew the following spells:

 Your Spells              Type           Power        Failure   Level  Hunger
a - Sandblast             Erth           ####..       1%          1    None
b - Flame Tongue          Conj/Fire      #####        1%          1    None
c - Dazzling Spray        Conj/Hex       #####.       1%          3    None
d - Bolt of Magma         Conj/Fire/Erth #####.....   5%          5    ####...


Dungeon Overview and Level Annotations

Branches:
Dungeon (12/15)            Temple (1/1) D:5             Orc (2/2) D:10
    Elf (0/3) Orc:2
   Lair: D:8-11

Altars:
Cheibriados
Dithmenos
Fedhas
Hepliaklqana
Kikubaaqudgha
Makhleb
Nemelex Xobeh
Qazlal
Ru
Sif Muna
Uskayaw
Vehumet
Wu Jian
Xom
Yredelemnul
Zin
The Shining One
Beogh

Shops:
Orc:1 !

Annotations:
D:1 1 runed door
D:8 komo4ek's ghost, novice MiFi


Message History

Aiming: Bolt of Magma
Press: ? - help, Shift-Dir - straight line, f - orc sorcerer
Aim: an orc sorcerer, wielding a dagger and wearing a robe (almost dead, blind)
The bolt of magma hits the sixfirhy.
The sixfirhy is almost dead.
The bolt of magma hits the orc sorcerer.
You kill the orc sorcerer!
Vehumet accepts your kill.
You feel your power returning.
Unknown command.
Unknown command.
Unknown command.
The sixfirhy hits you but does no damage. x2
The sixfirhy hits you! The sixfirhy shocks you! The sixfirhy hits you.
The sixfirhy shocks you!
* * * LOW HITPOINT WARNING * * *
The sixfirhy hits you.
* * * LOW HITPOINT WARNING * * *
The sixfirhy shocks you!
You die...

###.....##......#*#.###### #
#......####.....###..##..###
##....######...).#.....)..#.
#.......#.....o#.....)o.#.#
##...........####...[......
#..........## ##.#.......
##..#.....## ####.#)...
#####...3.#*## ##.....
##...@###.## ##....
###......<...# #.....
####.(.........## ##....
##.............### #####
##.....([#.#......##
#........####......#
*#...).#####.......# ****
*#..(...##.....##.# *,,,
#.(#...#.#....#*## *,,,


You could see a sixfirhy.

Vanquished Creatures
  5 two-headed ogres
  Urug (D:10)
  An orc sorcerer (Orc:2)
  A cyclops (D:11)
  2 orc knights
  A kobold demonologist (D:11)
  3 trolls
  2 hippogriffs
  Sigmund (D:2)
  A human (D:7)
  4 hogs (D:7)
  2 vampire mosquitoes (D:11)
  2 hungry ghosts
  4 wargs
  A water moccasin (D:11)
  An ice beast (D:6)
  18 orc warriors
  5 sky beasts
  A black bear (D:8)
  7 ogres
  3 phantoms
  A necrophage (D:10)
  3 centaurs
  4 wolves (D:11)
  A big kobold (D:7)
  9 bullfrogs
  2 gnoll sergeants
  5 scorpions
  3 killer bees (D:8)
  6 wights
  6 electric eels
  4 howler monkeys
  9 crimson imps
  2 bullfrog zombies
  12 hounds
  2 jellies (D:11)
  19 orc priests
  A bullfrog skeleton (D:5)
  13 orc wizards
  Jessica (D:8)
  6 iguanas
  7 worker ants
  6 gnolls
  12 adders
  4 shadow imps
  An ooze (D:3)
  2 worms (D:3)
  2 dart slugs
  9 leopard geckos
  65 orcs
  5 giant cockroaches
  4 goblins
  4 hobgoblins
  6 jackals
  11 kobolds
  3 quokkas
  2 ball pythons
  9 bats
  4 frilled lizards
  A leopard gecko skeleton (D:5)
  7 rats
  2 fungi
341 creatures vanquished.

Vanquished Creatures (collateral kills)
  A sky beast (D:5)
  An orc wizard (D:4)
  A worker ant (D:6)
  An adder (D:3)
  2 gnolls (D:5)
  An adder skeleton (D:6)
  A worm (D:6)
  3 orcs (D:4)
  A goblin (D:3)
  A kobold (D:2)
  A rat (D:2)
14 creatures vanquished.

Vanquished Creatures (others)
  A worker ant (D:4)
  An orc (D:4)
  10 fungi (D:6)
12 creatures vanquished.

Grand Total: 367 creatures vanquished

Notes
Turn   | Place    | Note
-------+----------+-------------------------------------------
     0 | D:1      | HungrySpirit the Deep Elf Artificer began the quest for the Orb.
     0 | D:1      | Reached XP level 1. HP: 11/11 MP: 5/5
     1 | D:1      | Found a runed door.
    83 | D:1      | Reached skill level 1 in Fighting
    94 | D:1      | Reached XP level 2. HP: 5/16 MP: 6/6
  1443 | D:2      | Reached XP level 3. HP: 18/20 MP: 7/7
  1452 | D:2      | Noticed Sigmund
  1784 | D:2      | Killed Sigmund
  1784 | D:2      | Reached XP level 4. HP: 26/26 MP: 8/8
  1784 | D:2      | Reached XP level 5. HP: 30/30 MP: 9/9
  2445 | D:3      | Found Zin's Purification Station.
  2446 | D:3      | Found a glowing silver altar of Zin.
  2458 | D:3      | Bought a potion of curing for 90 gold pieces
  2516 | D:3      | Reached skill level 1 in Spellcasting
  2516 | D:3      | Reached XP level 6. HP: 15/35 MP: 10/10
  2824 | D:3      | Found a glowing golden altar of the Shining One.
  3250 | D:4      | Found a sacrificial altar of Ru.
  3527 | D:4      | Reached skill level 5 in Short Blades
  3795 | D:4      | Reached skill level 5 in Dodging
  3795 | D:4      | Reached XP level 7. HP: 26/40 MP: 11/13
  4692 | D:5      | Entered Level 5 of the Dungeon
  4722 | D:5      | Found a staircase to the Ecumenical Temple.
  4737 | Temple   | Entered the Ecumenical Temple
  4760 | Temple   | Became a worshipper of Vehumet
  4977 | D:5      | Reached XP level 8. HP: 29/44 MP: 16/16
  5666 | D:6      | Reached skill level 5 in Spellcasting
  6061 | D:6      | Reached * piety under Vehumet
  6061 | D:6      | Offered knowledge of Sandblast by Vehumet.
  7225 | D:7      | Learned a level 1 spell: Sandblast
  7337 | D:7      | Noticed a hippogriff
  7349 | D:7      | Killed a hippogriff
  7349 | D:7      | Reached skill level 1 in Long Blades
  7349 | D:7      | Reached skill level 1 in Earth Magic
  7349 | D:7      | Reached XP level 9. HP: 17/48 MP: 20/20
  8136 | D:7      | Found a hide-covered altar of Uskayaw.
  8170 | D:7      | Reached ** piety under Vehumet
  8195 | D:7      | Found a shadowy altar of Dithmenos.
  8282 | D:7      | Offered knowledge of Flame Tongue by Vehumet.
  8287 | D:7      | Learned a level 1 spell: Flame Tongue
  8634 | D:7      | Found a snail-covered altar of Cheibriados.
  8636 | D:7      | Found a hazy altar of Hepliaklqana.
  8638 | D:7      | Found an ornate altar of the Wu Jian Council.
  8781 | D:7      | Reached skill level 1 in Conjurations
  8781 | D:7      | Reached skill level 1 in Fire Magic
  9464 | D:8      | Noticed a two-headed ogre
  9582 | D:8      | Noticed a two-headed ogre
  9638 | D:8      | Noticed komo4ek's ghost (novice MiFi)
 10015 | D:8      | Reached XP level 10. HP: 21/53 MP: 24/24
 10313 | D:8      | Found a radiant altar of Vehumet.
 10368 | D:8      | Offered knowledge of Dazzling Spray by Vehumet.
 10374 | D:8      | Learned a level 3 spell: Dazzling Spray
 10685 | D:8      | Noticed a two-headed ogre
 10995 | D:8      | Reached skill level 1 in Hexes
 11076 | D:8      | Found an ancient bone altar of Kikubaaqudgha.
 11579 | D:9      | Found a sacrificial altar of Ru.
 11728 | D:9      | Noticed a two-headed ogre
 12083 | D:9      | Noticed a two-headed ogre
 12267 | D:8      | Killed a two-headed ogre
 12267 | D:8      | Reached skill level 5 in Long Blades
 12817 | D:8      | Killed a two-headed ogre
 12897 | D:8      | Noticed Jessica
 12913 | D:8      | Killed Jessica
 12923 | D:8      | Found a deep blue altar of Sif Muna.
 13038 | D:9      | Reached *** piety under Vehumet
 13106 | D:9      | Found a sacrificial altar of Ru.
 13106 | D:9      | Found a stormy altar of Qazlal.
 13277 | D:10     | Entered Level 10 of the Dungeon
 13277 | D:10     | Found a staircase to the Orcish Mines.
 13541 | D:10     | Noticed a two-headed ogre
 13552 | D:10     | Killed a two-headed ogre
 13769 | D:10     | Noticed Urug
 13778 | D:10     | Killed Urug
 14019 | D:10     | Reached XP level 11. HP: 28/57 MP: 19/26
 14456 | D:10     | Offered knowledge of Olgreb's Toxic Radiance by Vehumet.
 14968 | D:10     | Noticed a two-headed ogre
 15026 | D:10     | Killed a two-headed ogre
 15026 | D:10     | Reached skill level 5 in Conjurations
 15053 | D:10     | Reached skill level 5 in Hexes
 16419 | D:11     | Reached **** piety under Vehumet
 16725 | D:11     | Reached skill level 10 in Dodging
 16983 | D:11     | Offered knowledge of Bolt of Magma by Vehumet.
 16990 | D:11     | Learned a level 5 spell: Bolt of Magma
 17145 | D:11     | Reached skill level 10 in Spellcasting
 17166 | D:11     | Noticed a brown ugly thing
 17715 | Orc:1    | Entered Level 1 of the Orcish Mines
 17745 | Orc:1    | Found a roughly hewn altar of Beogh.
 17747 | Orc:1    | Noticed an orc knight
 17927 | Orc:1    | Killed an orc knight
 17996 | Orc:1    | Noticed an orc knight
 18433 | D:9      | Killed a two-headed ogre
 18640 | D:10     | Killed an orc knight
 18904 | Orc:1    | Found a roughly hewn altar of Beogh.
 19358 | Orc:2    | Entered Level 2 of the Orcish Mines
 19633 | Orc:2    | Reached skill level 5 in Fire Magic
 19701 | Orc:2    | Found a staircase to the Elven Halls.
 20377 | Orc:2    | Reached XP level 12. HP: 36/62 MP: 5/28
 20728 | Orc:1    | Reached ***** piety under Vehumet
 20728 | Orc:1    | Offered knowledge of Airstrike by Vehumet.
 20866 | Orc:1    | Found Poumnine's Distillery.
 21365 | Orc:2    | Slain by a sixfirhy

Skill      XL: |  1  2  3  4  5  6  7  8  9 10 11 12 |
---------------+-------------------------------------+-----
Fighting       | 1 2 |  2.3
Short Blades   | 2 4 5 6 8 |  8.3
Dodging        | 3 4 5 6 7 8 9 10 | 10.1
Spellcasting   | 1 2 4 6 8 9 10 | 10.7
Long Blades    | 1 4 6 7 |  7.5
Earth Magic    | 1 2 3 4 |  4.1
Conjurations   | 2 4 7 |  7.4
Fire Magic     | 2 5 |  5.6
Hexes          | 4 6 7 |  7.2
Stealth        | |  1.2
Evocations     | |  3.2

Action                   |  1- 3 |  4- 6 |  7- 9 | 10-12 || total
-------------------------+-------+-------+-------+-------++-------
Melee: Short sword       |    98 |   153 |       |       ||   251
       Dagger            |       |    75 |   146 |       ||   221
       Rapier            |       |       |   120 |       ||   120
       Long sword        |       |       |   162 |   340 ||   502
Throw: Javelin           |       |       |     3 |       ||     3
 Cast: Sandblast         |       |       |     9 |       ||     9
       Dazzling Spray    |       |       |       |   214 ||   214
       Flame Tongue      |       |       |       |     7 ||     7
       Bolt of Magma     |       |       |       |    29 ||    29
Evoke: Wand              |    17 |    14 |    22 |    13 ||    66
  Use: Scroll            |       |     6 |    14 |    11 ||    31
       Potion            |       |       |     9 |     5 ||    14
 Stab: Distracted        |       |     1 |     1 |     1 ||     3
       Sleeping          |       |       |     2 |     4 ||     6
       Paralysed         |       |       |       |    12 ||    12
       Invisible         |       |       |       |    11 ||    11
  Eat: Chunk             |     2 |    17 |    25 |    54 ||    98
Armor: Leather armour    |    27 |    32 |    60 |    61 ||   180
       Skin              |       |       |     9 |       ||     9
       Troll leather arm |       |       |       |     3 ||     3
Dodge: Dodged            |    80 |   120 |   293 |   341 ||   834
       Deflected         |       |     1 |     7 |    16 ||    24
       Rpst.: Long sword |       |       |    42 |    91 ||   133
